 Dungeon Crawl Stone Soup version 0.29.0-4-gdea44cf6ec (webtiles) character file.

Game seed: 5039500614983440857

606 qw the Chopper (level 7, 0/44 HPs)
             Began as a Gargoyle Fighter on Sept 3, 2022.
             Killed from afar by Ijyb (4 damage)
             ... with a puff of flame
             ... on level 5 of the Dungeon.
             The game lasted 00:02:21 (4164 turns).

qw the Chopper (Gargoyle Fighter)                   Turns: 4164, Time: 00:02:22

Health: 0/44       AC: 16    Str: 22    XL:     7   Next: 42%
Magic:  7/7        EV:  9    Int: 12    God:
Gold:   229        SH:  4    Dex:  9    Spells: 6/6 levels left

rFire   + . .      SeeInvis .   Y - +2 war axe
rCold   . . .      Faith    .   c - +0 buckler
rNeg    + . .      Spirit   .   h - +2 scale mail {rF+}
rPois   inf        Reflect  .   (no helmet)
rElec   +          Harm     .   p - +2 cloak of the Komodo Dragon {Int+4}
rCorr   .          Rampage  .   (no gloves)
Will    .....                   (no boots)
Stlth   ..........              (no amulet)
HPRegen 0.14/turn               (no ring)
MPRegen 0.10/turn               (no ring)

@: no status effects
A: sickness immunity, AC +4, negative energy resistance 1, electricity
resistance, torment resistance 1, petrification resistance
a: no special abilities


You were on level 5 of the Dungeon.
You visited 1 branch of the dungeon, and saw 5 of its levels.

You collected 229 gold pieces.


Innate Abilities, Weirdness & Mutations

You are immune to sickness and miasma.
Your stone body is resilient. (AC +4)
You are immune to poison.
You resist negative energy. (rN+)
You are resistant to electric shocks. (rElec)
You are resistant to unholy torment.
You are immune to petrification.


   Skills:
 - Level 4.4 Fighting
 + Level 6.7 Axes
 - Level 3.2 Armour
 - Level 1.0 Dodging
 - Level 3.2 Shields


You had 6 spell levels left.
You didn't know any spells.
Your spell library was empty.

Inventory:

Hand Weapons
 i - a +0 whip
 Y - a +2 war axe (weapon)
Missiles
 j - a boomerang (quivered)
Armour
 c - a +0 buckler (worn)
 h - a +2 scale mail of fire resistance (worn)
 p - the +2 cloak of the Komodo Dragon (worn) {Int+4}
   (You found it on level 3 of the Dungeon)

   Int:       It affects your intelligence (+4).
Jewellery
 l - a ring of fire
Scrolls
 o - a scroll of identify
Potions
 a - a potion of curing {unknown}
 b - a potion of berserk rage {unknown}
 d - a potion of might
 f - a potion of lignification {unknown}
 n - a potion of haste {unknown}

Dungeon Overview and Level Annotations

Branches:
Dungeon (5/15)
 Temple: D:4-7

Altars:
Makhleb
Okawaru
Zin

Annotations:
D:5 Ijyb


Message History

You closely miss the killer bee.
The killer bee is severely wounded.
The killer bee closely misses you.
The killer bee stings you but does no damage.
You miss the killer bee.
The killer bee is severely wounded.
The killer bee stings you but does no damage.
The howler monkey hoots and howls with incredible vigour!
The killer bee closely misses you.
You hear a bark!
You miss the killer bee.
The killer bee is severely wounded.
The killer bee stings you but does no damage.
The killer bee stings you.
You closely miss the killer bee.
The killer bee is severely wounded.
The killer bee misses you. The killer bee stings you.
The killer bee stings you!
You hit the killer bee.
The killer bee is severely wounded.
The killer bee stings you but does no damage.
You block the killer bee's attack.
You miss the killer bee.
The killer bee is severely wounded.
The killer bee barely misses you.
The killer bee stings you but does no damage.
You block the killer bee's attack.
You closely miss the killer bee.
The killer bee is severely wounded.
You block the killer bee's attack. The killer bee barely misses you.
You hit the killer bee.
The killer bee is almost dead.
You barely miss Ijyb. The killer bee stings you.
Ijyb zaps a wand.
The puff of flame hits you. You resist. The killer bee closely misses you.
You miss the killer bee.
The killer bee is almost dead.
You hit Ijyb. The killer bee barely misses you.
Ijyb zaps a wand.
The puff of flame hits you. You resist.
You die...

.# ... #.# ##.##
#...# # # ...#
...h#y##g.# .#
._cyyyy@..# ..#
...#####..######...#
#......>...... ##
#.....<....... ..
#.#........... #.
##...######...# #.#
#.#### ..# #.. #.# .
##.###.#


You could see Ijyb, a centaur, a howler monkey and 5 killer bees.

Vanquished Creatures
  Eustachio (D:4)
  An ogre (D:5)
  A necrophage (D:4)
  A killer bee (D:5)
  A hound (D:3)
  Jessica (D:3)
  Natasha (thrice) (D:4)
  A hound skeleton (D:4)
  6 adders
  2 worms (D:4)
  6 endoplasms
  4 giant cockroaches
  5 goblins
  8 hobgoblins
  5 jackals
  2 quokkas (D:4)
  8 ball pythons
  7 bats
  A frilled lizard (D:1)
  14 kobolds
  8 rats
86 creatures vanquished.

Notes
Turn   | Place    | Note
-------+----------+-------------------------------------------
     0 | D:1      | qw the Gargoyle Fighter began the quest for the Orb.
     0 | D:1      | Reached XP level 1. HP: 14/14 MP: 1/1
     0 | D:1      | 0 ||| qw: Version: 0.1-a-102-g441f92d
     0 | D:1      | 0 ||| qw: Game counter: 5297
     0 | D:1      | 0 ||| qw: Always use a shield: true
     0 | D:1      | 0 ||| qw: God list: Okawaru
     0 | D:1      | 0 ||| qw: Allow faded altars: false
     0 | D:1      | 0 ||| qw: Do Orc after D:15 true
     0 | D:1      | 0 ||| qw: Do second Lair branch before Depths: true
     0 | D:1      | 0 ||| qw: Lair rune preference: random
     0 | D:1      | 0 ||| qw: Plans: Normal
     0 | D:1      | 0 ||| PLANNING D:1-11
    33 | D:1      | Reached skill level 2 in Axes
    81 | D:1      | 81 ||| Stepping ~*~*~tactically~*~*~ (stealth).
    82 | D:1      | 82 ||| Stepping ~*~*~tactically~*~*~ (stealth).
    83 | D:1      | 83 ||| Stepping ~*~*~tactically~*~*~ (stealth).
    84 | D:1      | 84 ||| Stepping ~*~*~tactically~*~*~ (stealth).
   305 | D:1      | 305 ||| READING scroll labelled SOKILE USIESMISS.
   345 | D:1      | 345 ||| READING scroll of teleportation.
   351 | D:1      | Reached XP level 2. HP: 19/19 MP: 2/2
   566 | D:1      | Reached skill level 3 in Axes
   753 | D:1      | Reached XP level 3. HP: 14/23 MP: 3/3
  1032 | D:1      | 1032 ||| UPGRADING to +2 scale mail of fire resistance.
  1042 | D:1      | 1042 ||| DROPPING +0 scale mail.
  1043 | D:1      | 1043 ||| READING scroll labelled KOARAZASHO.
  1186 | D:2      | 1186 ||| STAIRDANCE
  1192 | D:2      | 1192 ||| STAIRDANCE
  1741 | D:2      | Reached XP level 4. HP: 28/28 MP: 4/4
  2030 | D:2      | 2030 ||| READING scroll labelled UCE CIOLEKON.
  2080 | D:2      | 2080 ||| READING scroll labelled GEOZ HERCHE.
  2081 | D:2      | 2081 ||| READING scroll labelled INUMOYMIUK.
  2082 | D:2      | 2082 ||| READING scroll labelled USCHUS RUFIR.
  2110 | D:3      | Reached skill level 4 in Axes
  2114 | D:3      | Found a glowing silver altar of Zin.
  2115 | D:3      | 2115 ||| Stepping ~*~*~tactically~*~*~ (stealth).
  2213 | D:3      | 2213 ||| DROPPING +0 club.
  2322 | D:3      | Noticed Jessica
  2324 | D:3      | 2324 ||| Stepping ~*~*~tactically~*~*~ (hiding).
  2333 | D:3      | Killed Jessica
  2334 | D:3      | Reached XP level 5. HP: 28/32 MP: 5/5
  2817 | D:3      | 2817 ||| Stepping ~*~*~tactically~*~*~ (stealth).
  2851 | D:3      | Reached skill level 5 in Axes
  2869 | D:3      | Found a faded altar of an unknown god.
  2942 | D:3      | Identified the +2 cloak of the Komodo Dragon {Int+4}
  3045 | D:3      | 3045 ||| UPGRADING to +2 cloak of the Komodo Dragon
                  | {Int+4}.
  3050 | D:3      | 3050 ||| READING scroll labelled GEPIDOCEHEO.
  3051 | D:3      | 3051 ||| READING 2 scrolls labelled REROIL NASOMYTS.
  3052 | D:3      | 3052 ||| READING scroll of enchant weapon.
  3052 | D:3      | 3052 ||| ENCHANTING +1 war axe.
  3053 | D:3      | 3053 ||| DRINKING 2 cyan potions.
  3096 | D:4      | 3096 ||| PLANNING SEWER
  3100 | D:4      | 3100 ||| STAIRDANCE
  3216 | D:4      | Found a burning altar of Makhleb.
  3241 | D:4      | Reached XP level 6. HP: 38/39 MP: 6/6
  3612 | D:4      | Reached skill level 1 in Dodging
  3620 | D:4      | Noticed Natasha
  3621 | D:4      | 3621 ||| Stepping ~*~*~tactically~*~*~ (hiding).
  3629 | D:4      | Killed Natasha
  3721 | D:4      | Noticed Eustachio
  3722 | D:4      | Noticed Natasha
  3730 | D:4      | Killed Natasha
  3740 | D:4      | 3740 ||| FLEEEEING.
  3745 | D:4      | HP: 9/39 [quasit[Eustachio] (3)]
  3746 | D:4      | 3746 ||| READING scroll of teleportation.
  3747 | D:4      | 3747 ||| DRINKING potion of heal wounds.
  3787 | D:4      | Noticed Natasha
  3788 | D:4      | 3788 ||| Stepping ~*~*~tactically~*~*~ (stealth).
  3794 | D:4      | Killed Natasha
  3802 | D:4      | 3802 ||| RIP SEWER
  3838 | D:4      | 3838 ||| PLANNING D:1-11
  3851 | D:4      | Killed Eustachio
  3852 | D:4      | Reached skill level 6 in Axes
  3852 | D:4      | Reached XP level 7. HP: 38/44 MP: 7/7
  3979 | D:4      | 3979 ||| DROPPING ring of flight.
  3980 | D:4      | 3980 ||| READING scroll labelled DOCUAMEOCOS.
  3981 | D:4      | 3981 ||| DRINKING 2 murky puce potions.
  3982 | D:4      | 3982 ||| DROPPING potion of invisibility.
  4001 | D:5      | Entered Level 5 of the Dungeon
  4030 | D:5      | 4030 ||| FLEEEEING.
  4031 | D:5      | 4031 ||| FLEEEEING.
  4032 | D:5      | 4032 ||| FLEEEEING.
  4131 | D:5      | Found an iron altar of Okawaru.
  4150 | D:5      | Noticed Ijyb
  4159 | D:5      | HP: 9/44 [killer bee (7)]
  4163 | D:5      | HP: 4/44 [Ijyb/puff of flame (2)]
  4164 | D:5      | Killed from afar by Ijyb

Levels and vault maps discovered:
D:1:      dpeg_arrival_tiny_d, layout_basic, minmay_strange_pillars,
          minivault_27, minmay_misc_feat_four_crosses, minivault_19,
          amethyst_killhole
D:2:      layout_loops_cross
D:3:      layout_loops_corners, zin_academy,
          shapermc_ecumenical_altar_totnotflames, uniq_jessica
D:4:      layout_loops_ring, makhleb_blood_cavern_becter, gup_sewer_entry_bowl,
          uniq_eustachio, uniq_natasha
D:5:      layout_loops_cross, nicolae_overflow_crystal_walls,
          mainiacjoe_overflow_six_doors_small, mainiacjoe_overflow_catwalk,
          minmay_temple_entry_large_hall, nicolae_wormholes, uniq_ijyb

Skill      XL: |  1  2  3  4  5  6 |
---------------+-------------------+-----
Axes           | 2 3 4 5 6 |  6.7
Fighting       | 4 |  4.4
Dodging        | 1 |  1.0
Armour         | |  3.2
Shields        | |  3.2

Action                   |  1- 3 |  4- 6 |  7- 9 || total
-------------------------+-------+-------+-------++-------
Melee: War axe           |   133 |   151 |    43 ||   327
Throw: Boomerang         |       |    40 |     2 ||    42
  Use: Scroll            |     3 |     8 |     1 ||    12
       Potion            |       |     2 |     1 ||     3
Armor: Scale mail        |    72 |   102 |    35 ||   209
Dodge: Dodged            |    49 |    72 |    29 ||   150
Block: Buckler           |    33 |    37 |    12 ||    82

Table legend:
 A = Non-vault XP
 B = Vault XP
 C = Vault XP percentage of total XP
 D = Non-vault monster count
 E = Vault monster count
 F = Vault count percentage of total count
                 A         B        C        D         E       F
            +---------+---------+-------+---------+---------+-------
      Total |     482 |     385 |  44.4 |      77 |       9 |  10.5
            +---------+---------+-------+---------+---------+-------
        D:1 |      57 |       0 |   0.0 |      30 |       0 |   0.0
        D:2 |      41 |       0 |   0.0 |      11 |       0 |   0.0
        D:3 |      93 |      37 |  28.5 |      23 |       1 |   4.2
        D:4 |     109 |     348 |  76.1 |      11 |       8 |  42.1
        D:5 |     182 |       0 |   0.0 |       2 |       0 |   0.0
            +---------+---------+-------+---------+---------+-------
